 Dungeon Crawl Stone Soup version 0.29.1-15-g9cfb28693d (webtiles) character file.

Game seed: 3780065965596615612

1710 croobank the Magician (level 9, -2/65 HPs)
             Began as a Gnoll Fire Elementalist on Mar 17, 2023.
             Was an Initiate of Gozag.
             Slain by an orc warrior
             ... wielding a +0 war axe
              (18 damage)
             ... in a bailey.
             The game lasted 00:18:24 (8518 turns).

croobank the Magician (Gnoll Fire Elementalist)     Turns: 8518, Time: 00:18:24

Health: -2/65      AC:  2    Str:  8    XL:     9   Next: 3%
Magic:  0/18       EV: 13    Int: 25    God:    Gozag
Gold:   710        SH: 10    Dex: 12    Spells: 8/20 levels left

rFire   + . .      SeeInvis .   g - staff of fire
rCold   . . .      Faith    .   s - +0 buckler
rNeg    . . .      Spirit   .   a - +0 robe
rPois   .          Reflect  +   (no helmet)
rElec   .          Harm     .   O - scarf {repulsion}
rCorr   .          Rampage  .   (no gloves)
Will    .....                   (no boots)
Stlth   +++.......              l - amulet of reflection
HPRegen 0.20/turn               c - +6 ring of intelligence
MPRegen 0.16/turn               D - ring of flight

@: flying, repel missiles
A: fangs 1, strong nose, distributed training
a: Renounce Religion, Potion Petition, Call Merchant, Bribe Branch


You were in a bailey.
You worshipped Gozag.
Gozag was pleased with you.
You visited 1 branch of the dungeon, and saw 7 of its levels.
You also visited: Sewer and Bailey.

You collected 755 gold pieces.
You paid 45 gold pieces to Gozag.

Inventory:

Hand Weapons
 d - a +0 hand axe
 h - a +0 short sword
 m - a +0 quarterstaff
 y - a +0 flail
 C - a +0 great mace
 E - a +0 sling
 G - a +0 dagger of chaos
 N - a +3 long sword
 P - a +0 morningstar
Missiles
 o - 13 boomerangs
 r - a throwing net
 A - 15 poisoned darts
 F - 5 javelins
 T - 5 curare-tipped darts
Armour
 a - a +0 robe (worn)
 e - a +3 ring mail of cold resistance
 f - a +0 ring mail
 q - a +0 scale mail of positive energy
 s - a +0 buckler (worn)
 O - a scarf of repulsion (worn)
Magical Staves
 g - a staff of fire (weapon)
Jewellery
 c - a +6 ring of intelligence (left hand)
 j - a ring of wizardry
 l - an amulet of reflection (around neck)
 v - a +6 ring of strength
 D - a ring of flight (right hand)
 K - a ring of ice
Wands
 w - a wand of roots (8)
 z - a wand of flame (27)
Scrolls
 i - 5 scrolls of teleportation
 u - 2 scrolls of fog
 J - a scroll of enchant armour
 M - 2 scrolls of vulnerability
 Q - a scroll of identify
 R - a scroll of immolation {unknown}
Potions
 b - a potion of magic
 k - 6 potions of haste
 n - 3 potions of curing
 p - 3 potions of flight
 t - 3 potions of lignification
 x - 3 potions of heal wounds
 B - a potion of attraction
 H - 2 potions of ambrosia
 I - a potion of might
 L - a potion of brilliance
 S - a potion of resistance {unknown}


   Skills:
 + Level 4.0 Fighting
 + Level 4.0 Short Blades
 + Level 4.0 Long Blades
 + Level 4.0 Axes
 + Level 4.0 Maces & Flails
 + Level 4.0 Polearms
 + Level 4.0 Staves
 + Level 4.0 Ranged Weapons
 + Level 4.0 Throwing
 + Level 4.0 Armour
 + Level 6.1 Dodging
 + Level 5.8 Stealth
 + Level 4.0 Shields
 + Level 4.0 Unarmed Combat
 + Level 6.4 Spellcasting
 + Level 4.0 Conjurations
 + Level 3.2 Hexes
 + Level 3.2 Summonings
 + Level 3.2 Necromancy
 + Level 3.2 Translocations
 + Level 3.2 Transmutations
 + Level 6.4 Fire Magic
 + Level 3.2 Ice Magic
 + Level 3.2 Air Magic
 + Level 3.2 Earth Magic
 + Level 3.2 Poison Magic
 + Level 4.3 Invocations
 + Level 4.0 Evocations


You had 8 spell levels left.
You knew the following spells:

 Your Spells              Type           Power      Damage    Failure   Level
a - Foxfire               Conj/Fire      100%       2x1d9     1%          1
b - Scorch                Fire           100%       2d10      1%          2
c - Wereblood             Tmut           24%        N/A       3%          2
d - Flame Wave            Conj/Fire      50%        2d12      11%         4
e - Inner Flame           Hex/Fire       48%        N/A       3%          3

Your spell library contained the following spells:

 Spells                   Type           Power      Damage    Failure   Level
 Apportation              Tloc           48%        N/A       2%          1
 Necrotise                Necr           96%        1d8       2%          1
 Summon Small Mammal      Summ           96%        N/A       2%          1
 Sublimation of Blood     Necr           24%        N/A       3%          2
 Conjure Flame            Conj/Fire      50%        6-21      3%          3
 Gell's Gravitas          Tloc           24%        N/A       7%          3
 Lesser Beckoning         Tloc           24%        N/A       7%          3
 Teleport Other           Tloc           24%        N/A       7%          3
 Dispersal                Tloc           12%        N/A       98%         6
 Summon Hydra             Summ           12%        N/A       100%        7


Dungeon Overview and Level Annotations

Branches:
Dungeon (7/15)             Temple (0/1) D:5           Sewer (visited)
 Bailey (1/1)

Altars:
Ashenzari
Gozag
Nemelex Xobeh
Ru
Wu Jian
Xom


Innate Abilities, Weirdness & Mutations

You have very sharp teeth.
Your uncanny sense of smell can sniff out nearby items.
Your experience applies equally to all skills.


Message History

The orc warrior hits you with a +0 war axe!!
The orc warrior closely misses your foxfire.
The orc warrior hits your foxfire with a +0 war axe.
You hit the orc warrior. You burn the orc warrior.
The orc warrior is heavily wounded.
The foxfire hits the orc warrior but does no damage.
The orc warrior is heavily wounded.
The foxfire hits the orc warrior but does no damage.
The orc warrior is heavily wounded.
The orc warrior hits you with a +0 war axe!
You closely miss the orc warrior.
The orc warrior is heavily wounded.
The orc warrior is no longer more vulnerable to fire.
You block the orc warrior's attack.
You hit the orc warrior. You burn the orc warrior.
The orc warrior is severely wounded.
You block the orc warrior's attack.
You closely miss the orc warrior.
The orc warrior is severely wounded.
The orc warrior hits you with a +0 war axe!
You hit the orc warrior but do no damage.
You burn the orc warrior.
The orc warrior is almost dead.
The orc warrior hits you with a +0 war axe!
* * * LOW HITPOINT WARNING * * *
Casting: Foxfire (safe; 1% risk of failure)
Confirm with . or Enter, or press ? or * to list all spells.
You feel a surge of power!
You conjure some foxfire!
The orc warrior barely misses you.
The orc warrior closely misses your foxfire.
The orc warrior hits your foxfire with a +0 war axe!
You closely miss the orc warrior.
The orc warrior is almost dead.
The foxfire hits the orc warrior.
The orc warrior is almost dead.
The foxfire hits the orc warrior but does no damage.
The orc warrior is almost dead.
The orc warrior hits you with a +0 war axe!!
You die...
Your body crumbles into a pile of gold.

#############
............####
#.$$........##
##+#o........##
#..#@...⌠.....#
#o.###.......## ###..'
#.....### ...
^...###......######
####'####.g#.....≈≈≈≈≈≈≈≈#
≈##
#...oo..####)≈≈)≈≈≈≈≈≈≈###
≈≈≈K#...gooK#∩≈≈≈≈≈≈)....###
≈≈≈#########≈≈≈≈≈......##
#≈≈≈≈≈≈≈≈≈≈≈≈≈~.......##


You could see an orc warrior.

Vanquished Creatures
  2 water moccasins
  2 black bears (D:6)
  2 orc warriors
  3 ogres
  A centaur (D:6)
  A kobold brigand (D:6)
  2 phantoms
  2 hounds
  4 orc priests
  2 iguanas
  Natasha (thrice) (D:2)
  A merfolk siren (Sewer)
  A merfolk avatar (Sewer)
  2 gnolls
  A river rat (Sewer)
  5 adders
  A shadow imp (D:5)
  A white imp (D:5)
  4 dart slugs
  17 orcs
  4 ball pythons
  3 bats (D:1)
  8 endoplasms
  5 giant cockroaches
  5 goblins
  5 hobgoblins
  4 jackals (D:1)
  22 kobolds
  3 quokkas
  10 frilled lizards
  27 rats
153 creatures vanquished.

Vanquished Creatures (others)
  417 foxfires
417 creatures vanquished.

Grand Total: 570 creatures vanquished

Notes
Turn   | Place    | Note
-------+----------+-------------------------------------------
     0 | D:1      | croobank the Gnoll Fire Elementalist began the quest for
                  | the Orb.
     0 | D:1      | Reached XP level 1. HP: 13/13 MP: 6/6
     6 | D:1      | Noticed a redback
     6 | D:1      | Noticed a swamp worm
     6 | D:1      | Noticed a hog
     6 | D:1      | Noticed a rime drake
   375 | D:1      | Reached XP level 2. HP: 20/20 MP: 1/7
   380 | D:1      | Learned a level 2 spell: Scorch
   767 | D:1      | Reached skill level 5 in Spellcasting
   767 | D:1      | Reached XP level 3. HP: 25/25 MP: 4/9
  1527 | D:2      | Reached skill level 1 in Invocations
  1762 | D:2      | Noticed Natasha
  1770 | D:2      | Killed Natasha
  1771 | D:2      | Reached skill level 1 in Fighting
  1771 | D:2      | Reached skill level 1 in Short Blades
  1771 | D:2      | Reached skill level 1 in Long Blades
  1771 | D:2      | Reached skill level 1 in Axes
  1771 | D:2      | Reached skill level 1 in Maces & Flails
  1771 | D:2      | Reached skill level 1 in Polearms
  1771 | D:2      | Reached skill level 1 in Staves
  1771 | D:2      | Reached skill level 1 in Ranged Weapons
  1771 | D:2      | Reached skill level 1 in Throwing
  1771 | D:2      | Reached skill level 1 in Armour
  1771 | D:2      | Reached skill level 1 in Shields
  1771 | D:2      | Reached skill level 1 in Unarmed Combat
  1771 | D:2      | Reached skill level 1 in Evocations
  1771 | D:2      | Reached XP level 4. HP: 26/32 MP: 2/11
  1773 | D:2      | Noticed a phantom
  1794 | D:2      | Killed a phantom
  1795 | D:2      | Reached skill level 1 in Hexes
  1795 | D:2      | Reached skill level 1 in Summonings
  1795 | D:2      | Reached skill level 1 in Necromancy
  1795 | D:2      | Reached skill level 1 in Translocations
  1795 | D:2      | Reached skill level 1 in Transmutations
  1795 | D:2      | Reached skill level 1 in Ice Magic
  1795 | D:2      | Reached skill level 1 in Air Magic
  1795 | D:2      | Reached skill level 1 in Earth Magic
  1795 | D:2      | Reached skill level 1 in Poison Magic
  1795 | D:2      | Reached XP level 5. HP: 27/37 MP: 1/12
  1901 | D:2      | You fall into a shaft and drop 1 floor!
  1975 | D:3      | Found a glowing drain.
  1979 | Sewer    | Entered a sewer
  2656 | Sewer    | Noticed a malarious merfolk avatar
  2660 | Sewer    | Killed a malarious merfolk avatar
  2661 | Sewer    | Reached XP level 6. HP: 44/44 MP: 10/14
  2859 | D:2      | Learned a level 2 spell: Wereblood
  2905 | D:2      | Noticed Natasha
  2910 | D:2      | Killed Natasha
  2911 | D:2      | Reached skill level 5 in Dodging
  3056 | D:2      | Noticed Natasha
  3060 | D:2      | Killed Natasha
  4013 | D:3      | Found a sacrificial altar of Ru.
  4165 | D:3      | Found an ornate altar of the Wu Jian Council.
  4470 | D:4      | Found an opulent altar of Gozag.
  4476 | D:4      | Became a worshipper of Gozag Ym Sagoz the Greedy
  4527 | D:4      | Found a large runed translucent door.
  4527 | D:4      | Found a large runed translucent door.
  5014 | D:4      | Found a shimmering altar of Xom.
  5325 | D:5      | Entered Level 5 of the Dungeon
  5331 | D:5      | Learned a level 4 spell: Flame Wave
  5501 | D:5      | Found a staircase to the Ecumenical Temple.
  5506 | D:5      | Reached XP level 7. HP: 37/50 MP: 10/15
  6010 | D:5      | Found a sparkling altar of Nemelex Xobeh.
  6134 | D:5      | Reached skill level 5 in Stealth
  6329 | D:6      | Found a broken altar of Ashenzari.
  7099 | D:6      | Reached XP level 8. HP: 58/58 MP: 11/16
  8148 | D:7      | Found a shimmering altar of Xom.
  8376 | D:7      | Found a flagged portal.
  8416 | D:7      | Learned a level 3 spell: Inner Flame
  8417 | Bailey   | Entered a bailey
  8425 | Bailey   | Noticed an orc knight
  8504 | Bailey   | Reached XP level 9. HP: 65/65 MP: 4/18
  8518 | Bailey   | Slain by an orc warrior

Illustrated notes

Levels and vault maps discovered:
D:1:      onia_arrival_zoo_common, layout_basic
D:2:      layout_basic, uniq_natasha
D:3:      layout_rooms, nzn_wu_jian_contemplation, nicolae_ru_awakened_eye,
          gup_sewer_entry_bowl
D:4:      due_chaos_kobolds, layout_cave_pools, grunt_gozag_statues
D:5:      layout_gridville, lemuel_tele_altar, minmay_temple_entry_proselytizer,
          st_stairs_9
D:6:      layout_loops_corners, mainiacjoe_overflow_brackets
D:7:      layout_basic, nicolae_overflow_squiral,
          nicolae_overflow_hidden_temple, enter_bailey_2
Bailey:   bailey_axe_4, bailey

Skill      XL: |  1  2  3  4  5  6  7  8 |
---------------+-------------------------+-----
Conjurations   | 2 3 4 |  4.0
Spellcasting   | 5 6 |  6.4
Invocations    | 1 2 3 4 |  4.3
Fighting       | 1 2 3 4 |  4.0
Short Blades   | 1 2 3 4 |  4.0
Long Blades    | 1 2 3 4 |  4.0
Axes           | 1 2 3 4 |  4.0
Maces & Flails | 1 2 3 4 |  4.0
Polearms       | 1 2 3 4 |  4.0
Staves         | 1 2 3 4 |  4.0
Ranged Weapons | 1 2 3 4 |  4.0
Throwing       | 1 2 3 4 |  4.0
Armour         | 1 2 3 4 |  4.0
Shields        | 1 2 3 4 |  4.0
Unarmed Combat | 1 2 3 4 |  4.0
Evocations     | 1 2 3 4 |  4.0
Hexes          | 1 2 3 |  3.2
Summonings     | 1 2 3 |  3.2
Necromancy     | 1 2 3 |  3.2
Translocations | 1 2 3 |  3.2
Transmutations | 1 2 3 |  3.2
Ice Magic      | 1 2 3 |  3.2
Air Magic      | 1 2 3 |  3.2
Earth Magic    | 1 2 3 |  3.2
Poison Magic   | 1 2 3 |  3.2
Dodging        | 5 6 |  6.1
Stealth        | 5 |  5.8
Fire Magic     | 6 |  6.4

Action                   |  1- 3 |  4- 6 |  7- 9 || total
-------------------------+-------+-------+-------++-------
Melee: Hand axe          |     5 |    17 |       ||    22
       Bite              |       |     3 |     1 ||     4
       Staff             |       |       |    11 ||    11
 Cast: Foxfire           |    50 |   119 |    82 ||   251
       Scorch            |    13 |    23 |    37 ||    73
       Wereblood         |       |     1 |       ||     1
  Use: Potion            |       |     1 |       ||     1
       Scroll            |       |     9 |     7 ||    16
 Stab: Distracted        |       |     1 |       ||     1
Armor: Robe              |     1 |     6 |     2 ||     9
Dodge: Dodged            |     2 |    14 |    17 ||    33
Block: Other             |       |     7 |     4 ||    11
       Reflection        |       |       |     2 ||     2
       Buckler           |       |       |     2 ||     2
